 Dungeon Crawl Stone Soup version 0.30-a0-335-ge5acde7520 (webtiles) character file.

Game seed: 5347180527910513858

10476 jfcaron the Spear-Bearer (level 11, -6/86 HPs)
             Began as a Gnoll Reaver on Oct 30, 2022.
             Was a High Priest of Fedhas.
             Mangled by a very large slime creature (45 damage)
             ... in a Gauntlet.
             The game lasted 00:40:19 (10386 turns).

jfcaron the Spear-Bearer (Gnoll Reaver)            Turns: 10386, Time: 00:40:19

Health: -6/86      AC: 16    Str: 16    XL:     11   Next: 62%
Magic:  22/23      EV:  7    Int: 13    God:    Fedhas [*****.]
Gold:   204        SH:  0    Dex: 10    Spells: 20/27 levels left

rFire   . . .      SeeInvis .    K - +4 halberd (elec)
rCold   + . .      Faith    +    (shield currently unavailable)
rNeg    + . .      Spirit   .    N - +0 plate armour
rPois   .          Reflect  .    j - +0 helmet
rElec   .          Harm     .    (no cloak)
rCorr   .          Rampage  .    J - +1 pair of gloves
Will    .....      NoTele   +    (no boots)
Stlth   ..........               P - amulet of faith
HPRegen 0.34/turn                g - ring of positive energy
MPRegen 0.18/turn                w - ring of protection from cold

@: no status effects
A: fangs 1, strong nose, distributed training
a: Renounce Religion, Wall of Briars, Grow Ballistomycete, Overgrow, Grow Oklob


You were in a Gauntlet.
You worshipped Fedhas.
Fedhas was extremely pleased with you.
You visited 1 branch of the dungeon, and saw 11 of its levels.
You also visited: Bailey and Gauntlet.

You collected 640 gold pieces.
You spent 436 gold pieces at shops.

Inventory:

Hand Weapons
 G - a +3 halberd of draining
 I - a +0 war axe
 K - a +4 halberd of electrocution (weapon)
Missiles
 d - 24 poisoned darts
 f - 39 stones (quivered)
Armour
 j - a +0 helmet (worn)
 k - the +2 pair of gloves of the Known World {Fly rC- Int+8 Dex-2}
   (You found it on level 7 of the Dungeon)

   Int:       It affects your intelligence (+8).
   Dex:       It affects your dexterity (-2).
   rC:        It makes you vulnerable to cold.
   Fly:       It grants you flight.
 p - a +2 robe
 r - +0 steam dragon scales
 J - a +1 pair of gloves (worn)
 N - a +0 plate armour (worn)
 V - +0 acid dragon scales
Magical Staves
 h - a staff of fire
Jewellery
 g - a ring of positive energy (left hand)
 w - a ring of protection from cold (right hand)
 F - a ring of ice
 M - a ring of magical power
 P - an amulet of faith (around neck)
Wands
 Q - a wand of iceblast (13)
 R - a wand of mindburst (16)
 S - a wand of polymorph (4)
 T - a wand of flame (27)
 U - a wand of acid (2)
Scrolls
 l - 2 scrolls of immolation
 s - a scroll of silence
 t - 5 scrolls of teleportation
 y - 3 scrolls of blinking
 B - 2 scrolls of brand weapon {unknown}
 H - 2 scrolls of poison {unknown}
Potions
 a - a potion of ambrosia
 b - a potion of brilliance {unknown}
 c - 5 potions of attraction
 e - 9 potions of heal wounds
 m - a potion of flight {unknown}
 n - 3 potions of mutation
 o - 7 potions of might
 u - 3 potions of cancellation
 x - 8 potions of curing
 C - 4 potions of haste
 L - 2 potions of invisibility
 O - 2 potions of berserk rage


   Skills:
 + Level 8.2 Fighting
 + Level 6.7 Short Blades
 + Level 6.7 Long Blades
 + Level 6.7 Axes
 + Level 6.7 Maces & Flails
 + Level 9.5 Polearms
 + Level 6.7 Staves
 + Level 6.7 Ranged Weapons
 + Level 6.7 Throwing
 + Level 6.7 Armour
 + Level 8.2 Dodging
 + Level 6.7 Stealth
 + Level 6.7 Shields
 + Level 6.7 Unarmed Combat
 + Level 8.5 Spellcasting
 + Level 7.9 Conjurations
 + Level 5.5 Hexes
 + Level 5.5 Summonings
 + Level 5.5 Necromancy
 + Level 5.5 Translocations
 + Level 5.5 Transmutations
 + Level 5.5 Fire Magic
 + Level 5.5 Ice Magic
 + Level 5.5 Air Magic
 + Level 5.5 Earth Magic
 + Level 5.5 Poison Magic
 + Level 7.3 Invocations
 + Level 6.7 Evocations


You had 20 spell levels left.
You knew the following spells:

 Your Spells              Type           Power      Damage    Failure   Level
a - Kiss of Death         Conj/Necr      92%        2d12      34%         1
b - Searing Ray           Conj           52%        2d6       32%         2
c - Momentum Strike       Conj/Tloc      46%        3d9       47%         2
d - Blink                 Tloc           40%        N/A       65%         2

Your spell library contained the following spells:

 Spells                   Type           Power      Damage    Failure   Level
 Magic Dart               Conj           100%       1d8       22%         1
 Cigotuvi's Dreadful Rot  Necr/Pois/Air  40%        N/A       65%         2
 Poisonous Vapours        Pois/Air       40%        N/A       65%         2
 Dazzling Flash           Conj/Hex       46%        N/A       71%         3
 Hailstorm                Conj/Ice       23%        3d7       71%         3
 Mephitic Cloud           Conj/Pois/Air  22%        N/A       77%         3
 Gell's Gravitas          Tloc           20%        N/A       86%         3
 Lesser Beckoning         Tloc           40%        N/A       86%         3
 Ozocubu's Armour         Ice            20%        N/A       86%         3
 Teleport Other           Tloc           20%        N/A       86%         3
 Fulminant Prism          Conj/Hex       11%        3d9       98%         4
 Iskenderun's Mystic Bla  Conj/Tloc      23%        2d6       98%         4
 Olgreb's Toxic Radiance  Pois           20%        N/A       99%         4
 Agony                    Necr           20%        N/A       100%        5
 Metabolic Englaciation   Hex/Ice        10%        N/A       100%        5
 Silence                  Hex/Air        10%        N/A       100%        5
 Dispersal                Tloc           10%        N/A       100%        6
 Eringya's Noxious Bog    Tmut/Pois      10%        N/A       100%        6
 Simulacrum               Ice/Necr       10%        N/A       100%        6
 Starburst                Conj/Fire      11%        6d5       100%        6


Dungeon Overview and Level Annotations

Branches:
Dungeon (11/15)            Temple (0/1) D:7            Lair (0/5) D:9
 Bailey (visited)         Gauntlet (1/1)
    Orc: D:9-12

Altars:
Ashenzari
Fedhas
Hepliaklqana
Nemelex Xobeh
Qazlal
Ru
Uskayaw
Vehumet
The Shining One

Shops:
D:9 *

Annotations:
D:5 exclusion: two-headed ogre Gauntlet 13 transporters, 2 runed translucent doors


Innate Abilities, Weirdness & Mutations

You have very sharp teeth.
Your uncanny sense of smell can sniff out nearby items.
Your experience applies equally to all skills.


Message History

Press: ? - help, Dir - move target, f/p - slime creature
Aim: a slime creature (severely wounded, ally target, about 16% to evade your +4 halberd of electrocution)
Okay, then.
Unknown command.
Reach: K) +4 halberd (elec)
Press: ? - help, Dir - move target, f/p - slime creature
Aim: a slime creature (severely wounded, ally target, about 16% to evade your +4 halberd of electrocution)
You reach to attack!
You puncture the slime creature!
The slime creature is almost dead.
The jelly hits your briar patch but does no damage.
The very large slime creature hits you!
Reach: K) +4 halberd (elec)
Press: ? - help, Dir - move target, f/p - slime creature
Aim: a slime creature (blue smoke, almost dead, ally target, about 16% to evade your +4 halberd of electrocution)
You reach to attack!
You impale the slime creature!!
You kill the slime creature!
Fedhas accepts your kill.
You can now grow an oklob plant.
The jelly hits your briar patch but does no damage.
The very large slime creature hits you but does no damage.
Aiming: Mindburst
Press: ? - help, Shift-Dir - straight line, f - very large slime creature
Aim: a very large slime creature (lightly wounded, ally target, not susceptible)
Okay, then.
Unknown command.
Unknown command.
You puncture the very large slime creature!
The very large slime creature is moderately wounded.
The jelly hits your briar patch but does no damage.
The very large slime creature hits you!!
Unknown command.
You puncture the very large slime creature!
Lightning courses through the very large slime creature!
The very large slime creature is heavily wounded.
The jelly is struck by your briar patch's thorns.
The jelly dies!
Fedhas accepts your kill.
The very large slime creature hits you!!!
Ouch! That really hurt!
You die...
Fedhas appreciates your contribution to the ecosystem.

#≈...∩...∩...≈#
##...........##
##≈.....©.....≈##
#≈≈.#########.≈≈#
##≈.#.......#.≈##
##.#.8.8.⌠.#.##
##≈.#^..PJ.^#.≈##
#≈≈.#.#PJP#.#.≈≈#
##≈.#^.@PP.^#.≈##
##.#.#.#.#.#.##
##≈.#...©!).#.≈##
#≈≈.#########.≈≈#
##≈....#©..8#.≈##
##..8.#...©#.##
##≈....#©..8#.≈##
#≈≈.#########.≈≈#
##≈.###zz.###.≈##


You could see a very large slime creature (ally target) and a jelly (ally
target).

Vanquished Creatures
  2 two-headed ogres
  A boulder beetle (D:11)
  An orc knight (Bailey)
  A cyclops (D:11)
  2 kobold demonologists
  2 unseen horrors
  A komodo dragon (D:10)
  A troll (D:9)
  A hornet (D:7)
  A slime creature (Gauntlet)
  Sigmund (D:2)
  A wyvern (D:7)
  10 yaks
  A steam dragon (D:9)
  2 acid dragons (D:9)
  A water moccasin (D:7)
  4 ice beasts
  3 orc warriors
  3 sky beasts (D:8)
  3 black bears
  2 ogres
  A centaur (D:9)
  A kobold brigand (D:9)
  2 phantoms
  3 bullfrogs
  A necrophage (D:6)
  4 scorpions
  5 wights (D:9)
  8 killer bees
  4 howler monkeys
  4 orc priests
  A gnoll bouda (D:8)
  6 hounds
  4 jellies
  An iguana (D:4)
  Terence (D:2)
  7 orc wizards
  11 gnolls
  5 adders
  2 shadow imps
  3 ufetubi
  A worm (D:2)
  5 dart slugs
  37 orcs
  8 ball pythons
  8 endoplasms
  5 giant cockroaches
  10 goblins
  7 hobgoblins
  4 jackals (D:1)
  10 kobolds
  6 quokkas
  6 bats
  3 frilled lizards (D:2)
  8 rats
  4 demonic plants (Gauntlet)
  8 fungi
  4 plants (D:9)
252 creatures vanquished.

Notes
Turn   | Place    | Note
-------+----------+-------------------------------------------
     0 | D:1      | jfcaron the Gnoll Reaver began the quest for the Orb.
     0 | D:1      | Reached XP level 1. HP: 20/20 MP: 6/6
    99 | D:1      | Reached XP level 2. HP: 18/26 MP: 7/7
   317 | D:1      | Learned a level 2 spell: Searing Ray
   320 | D:1      | Learned a level 2 spell: Momentum Strike
   376 | D:1      | You fall into a shaft and drop 1 floor!
   393 | D:2      | Reached skill level 5 in Spellcasting
   393 | D:2      | Reached XP level 3. HP: 22/30 MP: 7/9
   460 | D:1      | Reached skill level 1 in Invocations
   678 | D:1      | Found a faded altar of an unknown god.
   943 | D:2      | Reached skill level 1 in Short Blades
   943 | D:2      | Reached skill level 1 in Long Blades
   943 | D:2      | Reached skill level 1 in Axes
   943 | D:2      | Reached skill level 1 in Maces & Flails
   943 | D:2      | Reached skill level 1 in Staves
   943 | D:2      | Reached skill level 1 in Ranged Weapons
   943 | D:2      | Reached skill level 1 in Throwing
   943 | D:2      | Reached skill level 1 in Armour
   943 | D:2      | Reached skill level 1 in Stealth
   943 | D:2      | Reached skill level 1 in Shields
   943 | D:2      | Reached skill level 1 in Unarmed Combat
   943 | D:2      | Reached skill level 1 in Evocations
   990 | D:2      | Noticed Sigmund
  1018 | D:2      | Killed Sigmund
  1019 | D:2      | Reached skill level 1 in Hexes
  1019 | D:2      | Reached skill level 1 in Summonings
  1019 | D:2      | Reached skill level 1 in Necromancy
  1019 | D:2      | Reached skill level 1 in Translocations
  1019 | D:2      | Reached skill level 1 in Transmutations
  1019 | D:2      | Reached skill level 1 in Fire Magic
  1019 | D:2      | Reached skill level 1 in Ice Magic
  1019 | D:2      | Reached skill level 1 in Air Magic
  1019 | D:2      | Reached skill level 1 in Earth Magic
  1019 | D:2      | Reached skill level 1 in Poison Magic
  1019 | D:2      | Reached XP level 4. HP: 10/38 MP: 11/11
  1019 | D:2      | Reached XP level 5. HP: 12/43 MP: 12/12
  1158 | D:2      | Noticed Terence
  1179 | D:2      | Killed Terence
  1180 | D:2      | Reached XP level 6. HP: 38/50 MP: 14/14
  1749 | D:3      | Reached skill level 5 in Fighting
  1749 | D:3      | Reached skill level 5 in Dodging
  2476 | D:4      | Found a blossoming altar of Fedhas.
  2492 | D:4      | Became a worshipper of Fedhas Madash
  2698 | D:4      | Reached skill level 7 in Polearms
  2698 | D:4      | Reached XP level 7. HP: 56/56 MP: 15/15
  2701 | D:4      | Found a sacrificial altar of Ru.
  3168 | D:5      | Entered Level 5 of the Dungeon
  3204 | D:5      | Noticed a two-headed ogre
  3702 | D:5      | Reached * piety under Fedhas
  3729 | D:5      | Reached XP level 8. HP: 57/63 MP: 16/16
  3950 | D:5      | Got the Lectures on Arcane Weapons and Toxicity
  4608 | D:6      | Reached XP level 9. HP: 56/69 MP: 18/18
  4722 | D:6      | Noticed a +0 falchion
  4722 | D:6      | Noticed a +0 falchion
  4722 | D:6      | Noticed a +0 dagger
  4723 | D:6      | Noticed a +0 short sword
  4723 | D:6      | Noticed a +0 short sword
  4723 | D:6      | Noticed a +0 spear
  4724 | D:6      | Noticed a +0 dagger
  4725 | D:6      | Found a hide-covered altar of Uskayaw.
  4725 | D:6      | Noticed a +0 spear
  4834 | D:7      | Found a flagged portal.
  4879 | Bailey   | Entered a bailey
  4944 | Bailey   | Reached ** piety under Fedhas
  5489 | Bailey   | Noticed an orc knight
  5501 | Bailey   | HP: 5/69 [orc knight/+0 halberd (18)]
  5530 | Bailey   | Killed an orc knight
  5897 | D:7      | Reached skill level 8 in Polearms
  5917 | D:7      | Found a staircase to the Ecumenical Temple.
  5930 | D:7      | Learned a level 2 spell: Blink
  6085 | D:7      | Reached skill level 5 in Invocations
  6118 | D:7      | Noticed a hornet
  6129 | D:7      | Killed a hornet
  6292 | D:7      | Found a stormy altar of Qazlal.
  6405 | D:7      | Identified the +2 pair of gloves of the Known World {Fly
                  | rC- Int+8 Dex-2}
  6462 | D:7      | Found a hazy altar of Hepliaklqana.
  6468 | D:7      | Found a sparkling altar of Nemelex Xobeh.
  6473 | D:7      | Found a broken altar of Ashenzari.
  6714 | D:8      | Reached *** piety under Fedhas
  6715 | D:8      | HP: 13/71 [orc warrior/+0 halberd (3)]
  6717 | D:8      | Reached skill level 5 in Short Blades
  6717 | D:8      | Reached skill level 5 in Long Blades
  6717 | D:8      | Reached skill level 5 in Axes
  6717 | D:8      | Reached skill level 5 in Maces & Flails
  6717 | D:8      | Reached skill level 5 in Staves
  6717 | D:8      | Reached skill level 5 in Ranged Weapons
  6717 | D:8      | Reached skill level 5 in Throwing
  6717 | D:8      | Reached skill level 5 in Armour
  6717 | D:8      | Reached skill level 5 in Stealth
  6717 | D:8      | Reached skill level 5 in Shields
  6717 | D:8      | Reached skill level 5 in Unarmed Combat
  6717 | D:8      | Reached skill level 5 in Evocations
  6717 | D:8      | Reached XP level 10. HP: 14/77 MP: 20/20
  7645 | D:9      | HP: 14/79 [steam dragon/ball of steam (14)]
  7653 | D:9      | HP: 13/79 [kobold/+0 short sword (4)]
  7895 | D:9      | Found Qohih's Assorted Antiques.
  7897 | D:9      | Noticed a kobold demonologist
  7899 | D:9      | Noticed a soul eater
  7900 | D:9      | Killed a kobold demonologist
  7943 | D:9      | Bought 2 red potions for 48 gold pieces
  7943 | D:9      | Bought a scroll of identify for 54 gold pieces
  7944 | D:9      | Bought a copper wand for 108 gold pieces
  7944 | D:9      | Bought a wand of flame (12) for 226 gold pieces
  7979 | D:9      | Found a staircase to the Lair.
  7998 | D:9      | Found a radiant altar of Vehumet.
  8036 | D:9      | HP: 6/77 [wight/+0 great sword (13)]
  8170 | D:9      | HP: 15/79 [killer bee (3)]
  8173 | D:9      | Reached **** piety under Fedhas
  8553 | D:9      | Reached skill level 9 in Polearms
  9026 | D:10     | Entered Level 10 of the Dungeon
  9147 | D:10     | Reached skill level 5 in Hexes
  9147 | D:10     | Reached skill level 5 in Summonings
  9147 | D:10     | Reached skill level 5 in Necromancy
  9147 | D:10     | Reached skill level 5 in Translocations
  9147 | D:10     | Reached skill level 5 in Transmutations
  9147 | D:10     | Reached skill level 5 in Fire Magic
  9147 | D:10     | Reached skill level 5 in Ice Magic
  9147 | D:10     | Reached skill level 5 in Air Magic
  9147 | D:10     | Reached skill level 5 in Earth Magic
  9147 | D:10     | Reached skill level 5 in Poison Magic
  9147 | D:10     | Reached XP level 11. HP: 78/85 MP: 22/22
  9233 | D:10     | Found a glowing golden altar of the Shining One.
  9359 | D:10     | Noticed a two-headed ogre
  9362 | D:10     | Killed a two-headed ogre
  9441 | D:10     | HP: 16/86 [something (6)]
  9446 | D:10     | HP: 15/86 [something (3)]
 10174 | D:11     | Noticed a two-headed ogre
 10176 | D:11     | Killed a two-headed ogre
 10177 | D:11     | Noticed a boulder beetle
 10181 | D:11     | Noticed a cyclops
 10192 | D:11     | Killed a boulder beetle
 10193 | D:11     | Killed a cyclops
 10193 | D:11     | Reached ***** piety under Fedhas
 10210 | D:11     | Found a gate leading to a gauntlet.
 10226 | Gauntlet | Entered a Gauntlet
 10226 | Gauntlet | Found a transporter.
 10235 | Gauntlet | Found a transporter.
 10238 | Gauntlet | Found a transporter.
 10239 | Gauntlet | Found a transporter.
 10243 | Gauntlet | Found a runed translucent door.
 10245 | Gauntlet | Found a runed translucent door.
 10247 | Gauntlet | Found a transporter.
 10250 | Gauntlet | Found a transporter.
 10251 | Gauntlet | Found a transporter.
 10259 | Gauntlet | Noticed a minotaur
 10260 | Gauntlet | Found a transporter.
 10260 | Gauntlet | Noticed a tengu warrior
 10263 | Gauntlet | Found a transporter.
 10264 | Gauntlet | Found a transporter.
 10266 | Gauntlet | Noticed a cyan ugly thing
 10266 | Gauntlet | Noticed a green ugly thing
 10276 | Gauntlet | Found a transporter.
 10276 | Gauntlet | Found a transporter.
 10276 | Gauntlet | Noticed a glowing orange brain
 10277 | Gauntlet | Found a transporter.
 10280 | Gauntlet | Noticed a sixfirhy
 10280 | Gauntlet | Noticed a sixfirhy
 10281 | Gauntlet | Noticed a sixfirhy
 10286 | Gauntlet | Found a transporter.
 10386 | Gauntlet | Mangled by a very large slime creature

Illustrated notes

Levels and vault maps discovered:
D:1:      dpeg_arrival_fog, layout_loops_cross, shapermc_ecumenical_altar_petra,
          st_stairs_5
D:2:      layout_basic, uniq_sigmund, uniq_terence
D:3:      layout_basic, chequers_jeans, amcnicky_mini_rare_corridor_liquid,
          minmay_tree_intersection
D:4:      layout_rooms, hangedman_ru_absence, mainiacjoe_overflow_catwalk
D:5:      layout_basic, uniq_crazy_yiuf_cottage
D:6:      layout_rooms, nicolae_uskayaw_en_pointe, columned_hall_lemuel
D:7:      layout_cave_pools, mainiacjoe_overflow_alcove_4,
          minmay_overflow_temple_star_quad,
          minmay_temple_entry_statues_fountains, enter_bailey_3, serial_park,
          serial_park_avenue1, serial_park_square3
          [serial_park_minivault_5x5_2], serial_park_tiny_pond,
          minmay_misc_feat_hallway
D:8:      layout_rooms
D:9:      layout_rooms, nicolae_vehumet_radiance, dpeg_oklobed_lair,
          serial_shops, shop
D:10:     layout_stronghold, tso_metal_star
D:11:     layout_loops_ring, gauntlet_entry_generic, minivault_7
Gauntlet: gammafunk_gauntlet_77_escape_option [minmay_gauntlet_arena_77_museum,
          minmay_gauntlet_arena_77_cramped,
          minmay_gauntlet_arena_77_broken_ladder,
          minmay_gauntlet_arena_77_chump_sandwich,
          minmay_gauntlet_arena_77_tiled_triplets, gauntlet_exit_green]

Skill      XL: |  1  2  3  4  5  6  7  8  9 10 11 |
---------------+----------------------------------+-----
Spellcasting   | 5 6 7 8 |  8.5
Invocations    | 2 3 4 5 6 7 |  7.3
Short Blades   | 1 2 3 5 6 |  6.7
Long Blades    | 1 2 3 5 6 |  6.7
Axes           | 1 2 3 5 6 |  6.7
Maces & Flails | 1 2 3 5 6 |  6.7
Staves         | 1 2 3 5 6 |  6.7
Ranged Weapons | 1 2 3 5 6 |  6.7
Throwing       | 1 2 3 5 6 |  6.7
Armour         | 1 2 3 5 6 |  6.7
Stealth        | 1 2 3 5 6 |  6.7
Shields        | 1 2 3 5 6 |  6.7
Unarmed Combat | 1 2 3 5 6 |  6.7
Evocations     | 1 2 3 5 6 |  6.7
Hexes          | 1 2 3 4 5 |  5.5
Summonings     | 1 2 3 4 5 |  5.5
Necromancy     | 1 2 3 4 5 |  5.5
Translocations | 1 2 3 4 5 |  5.5
Transmutations | 1 2 3 4 5 |  5.5
Fire Magic     | 1 2 3 4 5 |  5.5
Ice Magic      | 1 2 3 4 5 |  5.5
Air Magic      | 1 2 3 4 5 |  5.5
Earth Magic    | 1 2 3 4 5 |  5.5
Poison Magic   | 1 2 3 4 5 |  5.5
Fighting       | 5 6 7 8 |  8.2
Dodging        | 5 6 7 8 |  8.2
Polearms       | 7 8 9 |  9.5
Conjurations   | 6 7 |  7.9

Action                   |  1- 3 |  4- 6 |  7- 9 | 10-12 || total
-------------------------+-------+-------+-------+-------++-------
Melee: Spear             |    76 |       |       |       ||    76
       Bite              |     6 |    13 |    26 |    26 ||    71
       Whip              |    48 |   167 |   236 |       ||   451
       Punch             |     1 |       |     8 |       ||     9
       Halberd           |       |       |   104 |   294 ||   398
Throw: Dart              |     9 |     6 |    28 |    22 ||    65
       Stone             |       |       |       |    40 ||    40
Invok: Wall of Briars    |       |       |     2 |     1 ||     3
Evoke: Wand              |       |       |     5 |    18 ||    23
  Use: Scroll            |       |     7 |     4 |     9 ||    20
       Potion            |       |       |     1 |     1 ||     2
Armor: Leather armour    |    28 |       |       |       ||    28
       Chain mail        |    15 |   106 |   182 |       ||   303
       Plate armour      |       |       |    21 |   231 ||   252
Dodge: Dodged            |    39 |    66 |   111 |    91 ||   307

Table legend: (Time is in decaauts)
 A = Elapsed time spent in this place.
 B = Non-inter-level travel time spent in this place.
 C = Inter-level travel time spent in this place.
 D = Time resting spent in this place.
 E = Time spent auto-exploring this place.
 F = Levels seen in this place.
 G = Mean time per level.
                   A        B        C        D        E       F      G
               +--------+--------+--------+--------+--------+-----+--------+
         Total |  10381 |   9815 |    566 |   2515 |   4569 |  13 |  798.5 |
       Dungeon |   9349 |   8783 |    566 |   2005 |   4443 |  11 |  849.9 |
        Bailey |    871 |    871 |      0 |    510 |     11 |   1 |  871.0 |
      Gauntlet |    160 |    160 |      0 |      0 |    115 |   1 |  160.0 |
               +--------+--------+--------+--------+--------+-----+--------+

Top non-repeatable levels by time:
     D:9: 1249 daAuts
     D:8: 1096 daAuts
    D:10: 1029 daAuts
     D:7: 1013 daAuts
     D:4: 952 daAuts
     D:1: 890 daAuts
  Bailey: 871 daAuts
     D:2: 848 daAuts
     D:6: 796 daAuts
     D:3: 740 daAuts
     D:5: 594 daAuts
Gauntlet: 160 daAuts
    D:11: 138 daAuts
